 Dungeon Crawl Stone Soup version 0.27.1-3-gb3d3a73c9e (webtiles) character file.

Game seed: 3457354713814719215

167 DearestLeader the Fighter (level 5, -4/76 HPs)
             Began as a Gnoll Wanderer on Oct 13, 2021.
             Slain by a gnoll (6 damage)
             ... on level 3 of the Dungeon.
             The game lasted 00:05:27 (3217 turns).

DearestLeader the Fighter (Gnoll Wanderer)          Turns: 3217, Time: 00:05:28

Health: -4/76      AC: 22    Str: 10    XL:     5   Next: 48%
Magic:  7/7        EV:  2    Int: 11    God:
Gold:   136        SH:  0    Dex: 14    Spells: 7/7 levels left

rFire    . . .     SeeInvis .   p - +4 war axe (flame)
rCold    . . .     Faith    .   (no shield)
rNeg     + + +     Spirit   .   (armour currently unavailable)
rPois    +         Reflect  .   (helmet currently unavailable)
rElec    .         Harm     .   (cloak currently unavailable)
rCorr    .         Rampage  .   (gloves currently unavailable)
Will     .....     NoTele   +   (boots currently unavailable)
Stlth    +++.......             (no amulet)
HPRegen  0.22/turn              (no ring)
MPRegen  0.10/turn              (no ring)

@: tree-form
A: stationary, stasis, torment immunity, boosted hp, (fangs 1), strong nose,
distributed training
a: no special abilities


You were on level 3 of the Dungeon.
You were a tree.
You visited 1 branch of the dungeon, and saw 3 of its levels.

You collected 136 gold pieces.

Inventory:

Hand Weapons
 a - a +0 mace
 e - a +0 dagger
 j - a +0 hunting sling
 k - a +0 falchion
 n - a +1 vampiric spear
 p - a +4 war axe of flaming (weapon)
Missiles
 f - 16 arrows
Armour
 d - a +0 robe
 g - a +0 ring mail
 o - a +1 robe of resistance (melded)
 s - a +0 helmet (melded)
Wands
 r - a wand of polymorph (10)
Scrolls
 b - 2 scrolls of blinking
 h - 2 scrolls of fear {unknown}
 i - 6 scrolls of identify {unknown}
 l - 4 scrolls of vulnerability {unknown}
 m - a scroll of noise {unknown}
 q - a scroll of teleportation {unknown}


   Skills:
 + Level 8.6 Fighting
 + Level 1.5 Short Blades
 + Level 1.5 Long Blades
 + Level 1.5 Axes
 + Level 1.5 Maces & Flails
 + Level 1.5 Polearms
 + Level 1.5 Staves
 + Level 1.5 Slings
 + Level 1.5 Bows
 + Level 1.5 Crossbows
 + Level 1.5 Throwing
 + Level 1.5 Armour
 + Level 1.5 Dodging
 + Level 6.1 Stealth
 + Level 1.5 Shields
 + Level 6.7 Unarmed Combat
 + Level 1.5 Spellcasting
 + Level 1.2 Conjurations
 + Level 1.2 Hexes
 + Level 1.2 Summonings
 + Level 1.2 Necromancy
 + Level 1.2 Translocations
 + Level 1.2 Transmutations
 + Level 1.2 Fire Magic
 + Level 1.2 Ice Magic
 + Level 1.2 Air Magic
 + Level 1.2 Earth Magic
 + Level 1.2 Poison Magic
 + Level 1.7 Invocations
 + Level 1.5 Evocations


You had 7 spell levels left.
You didn't know any spells.
Your spell library contained the following spells:

 Spells                   Type           Power      Damage    Failure   Level
 Ensorcelled Hibernation  Hex/Ice        6%         N/A       28%         2
 Spider Form              Tmut/Pois      1%         N/A       50%         3
 Shadow Creatures         Summ           N/A        N/A       100%        6


Dungeon Overview and Level Annotations

Branches:
Dungeon (3/15)

Altars:
Beogh


Innate Abilities, Weirdness & Mutations

You are a tree.
Your roots penetrate the ground, keeping you stationary.
You cannot be teleported.
You are immune to unholy pain and torment.
Your maximum health is greatly increased.
Your equipment is partially melded.
((You have very sharp teeth.))
Your uncanny sense of smell can sniff out nearby items.
Your experience applies equally to all skills.


Message History

The gnoll completely misses you.
A gnoll comes into view. It is wielding a +0 halberd.
The gnoll shouts!
You slash the gnoll! You burn the gnoll.
You kill the gnoll!
You hear a shout!
A gnoll comes into view. It is wielding a +0 club.
You slash the gnoll! You burn the gnoll.
You kill the gnoll!
The gnoll hits you with a +0 halberd.
Items here: )) ††.
You closely miss the gnoll. Your bite misses the gnoll.
The gnoll barely misses you. The gnoll hits you with a +0 halberd!
You completely miss the gnoll. You bite the gnoll, but do no damage.
The gnoll closely misses you.
You barely miss the gnoll. You bite the gnoll, but do no damage.
The gnoll hits you with a +0 halberd! x2
* * * LOW HITPOINT WARNING * * *
You are too injured to fight recklessly!
You are too injured to fight recklessly!
You closely miss the gnoll. The gnoll hits you with a +0 halberd!
* * * LOW HITPOINT WARNING * * *
Really quaff the potion of lignification?
You turn into a tree.
Your +0 helmet melds into your body.
Your +1 robe of resistance melds into your body.
You feel hot and cold all over.
Your roots penetrate the ground.
The gnoll hits you but does no damage.
You slash the gnoll! You burn the gnoll.
The gnoll is almost dead.
The gnoll hits you with a +0 halberd.
* * * LOW HITPOINT WARNING * * *
You slash the gnoll! You burn the gnoll.
You kill the gnoll!
You hit the gnoll. You burn the gnoll.
The gnoll is heavily wounded.
The gnoll hits you but does no damage. x2
You hit the gnoll. You burn the gnoll.
The gnoll is almost dead.
The gnoll hits you with a +0 club.
You die...

##################
#..............†..
#.################
#.# #.. #.# #.# #.#
#.# #.. #.# #.# #.#
#♣# #.# #.# #g# #.#
#.# #.##### ######.#
#.# ..#...## #....#(#
#.#
###....####.##.#.#
#.# .#
#...........##.#..
#.# .#
####.#....#######.###
[.#####.# #
..#.#....# #.#
.....##.#.#.
#.#.#....# #.#


You could see a gnoll.

Vanquished Creatures
  Jessica (D:3)
  A hound skeleton (D:3)
  3 gnolls (D:3)
  2 adders
  A dart slug (D:3)
  3 orcs (D:3)
  8 endoplasms
  6 giant cockroaches
  2 goblins
  6 hobgoblins
  7 jackals
  5 kobolds
  4 quokkas
  6 ball pythons
  4 bats
  6 frilled lizards
  7 rats (D:1)
72 creatures vanquished.

Notes
Turn   | Place    | Note
-------+----------+-------------------------------------------
     0 | D:1      | DearestLeader the Gnoll Wanderer began the quest for the
                  | Orb.
     0 | D:1      | DearestLeader set off with the following items: a +0 mace,
                  | 2 scrolls of blinking, a potion of lignification, a +0
                  | robe, a +0 dagger
     0 | D:1      | Reached XP level 1. HP: 26/26 MP: 1/1
   290 | D:1      | Reached XP level 2. HP: 33/33 MP: 2/2
   851 | D:1      | Reached XP level 3. HP: 34/38 MP: 3/3
  1337 | D:2      | Reached skill level 1 in Invocations
  1799 | D:2      | Reached skill level 1 in Short Blades
  1799 | D:2      | Reached skill level 1 in Long Blades
  1799 | D:2      | Reached skill level 1 in Axes
  1799 | D:2      | Reached skill level 1 in Maces & Flails
  1799 | D:2      | Reached skill level 1 in Polearms
  1799 | D:2      | Reached skill level 1 in Staves
  1799 | D:2      | Reached skill level 1 in Slings
  1799 | D:2      | Reached skill level 1 in Bows
  1799 | D:2      | Reached skill level 1 in Crossbows
  1799 | D:2      | Reached skill level 1 in Throwing
  1799 | D:2      | Reached skill level 1 in Armour
  1799 | D:2      | Reached skill level 1 in Dodging
  1799 | D:2      | Reached skill level 1 in Shields
  1799 | D:2      | Reached skill level 1 in Spellcasting
  1799 | D:2      | Reached skill level 1 in Evocations
  2339 | D:2      | Reached XP level 4. HP: 45/45 MP: 5/5
  2627 | D:3      | Noticed Jessica
  2643 | D:3      | Killed Jessica
  2644 | D:3      | Reached skill level 1 in Conjurations
  2644 | D:3      | Reached skill level 1 in Hexes
  2644 | D:3      | Reached skill level 1 in Summonings
  2644 | D:3      | Reached skill level 1 in Necromancy
  2644 | D:3      | Reached skill level 1 in Translocations
  2644 | D:3      | Reached skill level 1 in Transmutations
  2644 | D:3      | Reached skill level 1 in Fire Magic
  2644 | D:3      | Reached skill level 1 in Ice Magic
  2644 | D:3      | Reached skill level 1 in Air Magic
  2644 | D:3      | Reached skill level 1 in Earth Magic
  2644 | D:3      | Reached skill level 1 in Poison Magic
  2850 | D:3      | Found a faded altar of an unknown god.
  2932 | D:3      | Reached XP level 5. HP: 36/51 MP: 6/6
  3212 | D:3      | HP: 1/51 [gnoll (12)]
  3217 | D:3      | Slain by a gnoll

Illustrated notes

Levels and vault maps discovered:
D:1:      saegor_arrival_simple_e, layout_loops_corners, minmay_pentomino_u2
D:2:      layout_basic, serial_bayou_lagoon_a, minmay_worlds_worst_comb
D:3:      cheibrodos_helix_gallery, layout_basic,
          hellmonk_ecumenical_altar_defaced_shrine, kennysheep_donut,
          kennysheep_generic_room_9, uniq_grinder, uniq_jessica, uniq_terence

Skill      XL: |  1  2  3  4 |
---------------+-------------+-----
Stealth        | 6 |  6.1
Invocations    | 1 |  1.7
Short Blades   | 1 |  1.5
Long Blades    | 1 |  1.5
Axes           | 1 |  1.5
Maces & Flails | 1 |  1.5
Polearms       | 1 |  1.5
Staves         | 1 |  1.5
Slings         | 1 |  1.5
Bows           | 1 |  1.5
Crossbows      | 1 |  1.5
Throwing       | 1 |  1.5
Armour         | 1 |  1.5
Dodging        | 1 |  1.5
Shields        | 1 |  1.5
Spellcasting   | 1 |  1.5
Evocations     | 1 |  1.5
Conjurations   | 1 |  1.2
Hexes          | 1 |  1.2
Summonings     | 1 |  1.2
Necromancy     | 1 |  1.2
Translocations | 1 |  1.2
Transmutations | 1 |  1.2
Fire Magic     | 1 |  1.2
Ice Magic      | 1 |  1.2
Air Magic      | 1 |  1.2
Earth Magic    | 1 |  1.2
Poison Magic   | 1 |  1.2
Fighting       | |  8.6
Unarmed Combat | |  6.7

Action                   |  1- 3 |  4- 6 || total
-------------------------+-------+-------++-------
Melee: Mace              |    13 |       ||    13
       Dagger            |   115 |       ||   115
       Bite              |    16 |     4 ||    20
       Punch             |     2 |       ||     2
       Falchion          |    18 |       ||    18
       Spear             |    11 |    23 ||    34
       War axe           |       |    31 ||    31
  Use: Potion            |       |     1 ||     1
 Stab: Sleeping          |    19 |     9 ||    28
Armor: Robe              |    26 |     4 ||    30
       Skin              |       |     3 ||     3
Dodge: Dodged            |    90 |    25 ||   115
       Rpst.: Falchion   |     1 |       ||     1
